 Dungeon Crawl Stone Soup version 0.21-a0-351-g38363bb (webtiles) character file.

39 Edirash the Stinger (level 3, 0/26 HPs)
             Began as a Hill Orc Venom Mage on Oct 9, 2017.
             Slain by a worm (6 damage)
             ... on level 2 of the Dungeon.
             The game lasted 00:06:19 (1825 turns).

Edirash the Stinger (Hill Orc Venom Mage)           Turns: 1825, Time: 00:06:20

Health: 0/26       AC:  3    Str: 11    XL:     3   Next: 45%
Magic:  1/5        EV: 11    Int: 15    God:
Gold:   145        SH:  0    Dex: 11    Spells: 4/5 levels left

rFire    . . .     SeeInvis .   u - +0 mace (crush)
rCold    . . .     Gourm    .   (no shield)
rNeg     . . .     Faith    .   d - +0 leather armour
rPois    .         Spirit   .   (no helmet)
rElec    .         Reflect  .   (no cloak)
rCorr    .         Harm     .   (no gloves)
MR       .....                  (no boots)
Stlth    +.........             (no amulet)
HPRegen  0.08/turn              (no ring)
MPRegen  0.09/turn              (no ring)

@: very slightly contaminated
A: no striking features
a: no special abilities


You were on level 2 of the Dungeon.
You were hungry.

You visited 1 branch of the dungeon, and saw 2 of its levels.

You collected 145 gold pieces.

Inventory:

Hand Weapons
 u - a +0 mace of crushing (weapon)
Missiles
 p - 6 tomahawks
 r - 12 poisoned needles
 Q - 89 stones (quivered)
Armour
 a - a +0 robe
 d - a +0 leather armour (worn)
Jewellery
 e - a +1 ring of evasion {unknown}
 k - an uncursed amulet of harm {unknown}
Scrolls
 f - a scroll of amnesia {unknown}
 h - a scroll of fear {unknown}
 n - 2 scrolls of identify {unknown}
 o - 2 scrolls of teleportation {unknown}
 t - a scroll of remove curse {unknown}
 v - a scroll of fog {unknown}
Potions
 i - a potion of haste {unknown}
 j - a potion of heal wounds {unknown}
 l - a potion of magic {unknown}
 m - a potion of degeneration {unknown}
Books
 b - a Young Poisoner's Handbook
Comestibles
 c - 3 bread rations
 g - 7 chunks of flesh
 q - 2 meat rations
 s - a royal jelly


   Skills:
 - Level 1.5 Dodging
 - Level 1.5 Stealth
 - Level 1.5 Spellcasting
 - Level 1.0 Conjurations
 + Level 4.0 Poison Magic


You had 4 spell levels left.
You knew the following spells:

 Your Spells              Type           Power        Failure   Level  Hunger
a - Sting                 Conj/Pois      #...         11%         1    ##.....


Dungeon Overview and Level Annotations

Branches:
Dungeon (2/15)

Altars:
Ashenzari


Message History

You are feeling hungry.
Aim: a worm (heavily wounded)
The sting hits the worm.
The worm is poisoned.
* * * LOW MAGIC WARNING * * *
You now have 1/5 mp.
The worm looks more healthy.
Aim: a worm (almost dead)
You miscast Sting.
You are very lightly contaminated with residual magic.
Nothing appears to happen.
* * * LOW MAGIC WARNING * * *
You now have 0/5 mp.
You hit the worm. The worm bites you.
* * * LOW HITPOINT WARNING * * *
You take 4 damage, and have 5/26 hp.
You barely miss the worm. The worm closely misses you.
You hit the worm. The worm barely misses you.
You barely miss the worm. You hit the worm but do no damage.
The worm bites you.
You die...

#....########........
##.#....#####........
#.#.##.......#...##.
#.#.########.#.#.###
#.#.# #.......# #.#.#
##.###...# #...#
#...###..# ##.)#
##.#.###..# #.@####
#.[#..#...#
#.w..(###.###.....#
#.#.#.##..........#
#.#.#.#....###....#
#.#.#......#...##..
#.#.#...##......###
#.#.#...####>##...#
#####.....#..###.####..
........####.##..# ###


You could see a worm.

Vault maps used:
D:1:      minmay_arrival_up_and_down
D:2:      nicolae_overflow_hidden_temple, first_bread,
          hangedman_decor_diamond_cutter

Notes
Turn   | Place    | Note
-------+----------+-------------------------------------------
     0 | D:1      | Edirash the Hill Orc Venom Mage began the quest for the Orb.
     0 | D:1      | Reached XP level 1. HP: 14/14 MP: 3/3
   138 | D:1      | Identified a +0 whip (You took it off a kobold on level 1 of the Dungeon)
   344 | D:1      | Identified a +0 leather armour (You found it on level 1 of the Dungeon)
   385 | D:1      | Reached skill level 3 in Poison Magic
   486 | D:1      | Reached XP level 2. HP: 16/20 MP: 0/4
   874 | D:1      | Reached XP level 3. HP: 23/26 MP: 3/5
  1587 | D:2      | Found a shattered altar of Ashenzari.
  1618 | D:2      | Identified a +0 mace of crushing (You found it on level 2 of the Dungeon)
  1648 | D:2      | Reached skill level 4 in Poison Magic
  1821 | D:2      | HP: 5/26 [worm (4)]
  1825 | D:2      | Slain by a worm

Table legend:
 A = Turns spent in this place as a percentage of turns spent in the entire game.
 B = Non-inter-level travel turns spent in this place as a percentage of non-inter-level travel turns spent in the entire game.
 C = Inter-level travel turns spent in this place as a percentage of turns spent in this place.
 D = Turns resting spent in this place as a percentage of non-inter-level travel turns spent in this place.
 E = Turns spent auto-exploring this place as a percentage of non-inter-level travel turns spent in this place.
 F = Non-inter-level travel turns spent in this place divided by the number of levels of this place that you've seen.
                   A       B       C       D       E      F
               +-------+-------+-------+-------+-------+----------------------
         Total | 100.0 | 100.0 |   3.1 |  37.9 |  46.9 | 884.5
       Dungeon | 100.0 | 100.0 |   3.1 |  37.9 |  46.9 | 884.5
               +-------+-------+-------+-------+-------+----------------------

Table legend:
 A = Kills in this place as a percentage of kills in entire the game.
 B = Kills by you in this place as a percentage of kills by you in the entire game.
 C = Kills by friends in this place as a percentage of kills by friends in the entire game.
 D = Other kills in this place as a percentage of other kills in the entire game.
 E = Experience gained in this place as a percentage of experience gained in the entire game.
 F = Experience gained in this place divided by the number of levels of this place that you have seen.
                   A       B       C       D       E      F
               +-------+-------+-------+-------+-------+----------------------
         Total | 100.0 | 100.0 |   N/A |   N/A | 100.0 |  28.0
       Dungeon | 100.0 | 100.0 |   N/A |   N/A | 100.0 |  28.0
               +-------+-------+-------+-------+-------+----------------------

Skill      XL: |  1  2  3 |
---------------+----------+-----
Poison Magic   | 3 4 |  4.0
Dodging        | |  1.5
Stealth        | |  1.5
Spellcasting   | |  1.5
Conjurations   | |  1.0

Action                   || total
-------------------------++-------
Melee: Whip              ||    65
       Unarmed           ||     1
       Mace              ||    21
 Cast: Sting             ||    22
 Stab: Sleeping          ||     1
  Eat: Chunk             ||     3
Armor: Leather armour    ||    18
Dodge: Dodged            ||    64

Vanquished Creatures
  A gnoll (D:1)
  A dart slug (D:1)
  A leopard gecko (D:1)
  A giant cockroach (D:1)
  3 goblins
  2 hobgoblins (D:1)
  2 jackals (D:2)
  A ball python (D:1)
  3 bats (D:1)
  2 frilled lizards (D:1)
  7 kobolds
  3 rats
27 creatures vanquished.
